 Dungeon Crawl Stone Soup version 0.23-a0-417-gf02c810 (webtiles) character file.

1660646 sleepydude the Hoplite (level 27, 243/243 HPs)
             Began as a Minotaur Fighter on Nov 10, 2018.
             Was a High Priest of Okawaru.
             Escaped with the Orb
             ... and 3 runes on Nov 11, 2018!
             The game lasted 05:02:34 (73238 turns).

sleepydude the Hoplite (Minotaur Fighter)          Turns: 73238, Time: 05:02:35

Health: 243/243    AC: 44    Str: 27    XL:     27
Magic:  26/26      EV: 27    Int:  1    God:    Okawaru [*****.]
Gold:   3989       SH: 33    Dex: 19    Spells: 26/26 levels left

rFire    + + +     SeeInvis +   E - +9 demon whip (elec)
rCold    + + +     Gourm    .   X - +5 large shield of Duty {Dex+2}
rNeg     . . .     Faith    .   K - +12 gold dragon scales
rPois    +         Spirit   .   V - +2 hat
rElec    +         Reflect  .   Y - scarf {repulsion}
rCorr    .         Harm     .   W - +2 pair of gloves
MR       ++...                  k - +2 pair of boots {run}
Stlth    ..........             B - amulet of the Air {Inacc +Fly rElec EV+5 RMsl}
HPRegen  0.50/turn              J - ring of see invisible
MPRegen  0.20/turn              j - ring "Wicoutia" {rF++ rC++ Int-4 Slay+3}

@: studying Throwing, repel missiles, quick
A: retaliatory headbutt, hooves 1, horns 2, molten scales 1, blurry vision 2,
deformed body, frail 1
0: Orb of Zot
}: 3/15 runes: serpentine, barnacled, silver
a: Heroism, Finesse, Renounce Religion, Evoke Flight


You escaped.
You worshipped Okawaru.
Okawaru was extremely pleased with you.
You were very full.

You visited 9 branches of the dungeon, and saw 47 of its levels.
You visited the Abyss 2 times.
You visited 2 bazaars.
You also visited: Sewer, Ossuary, Volcano and Desolation.

You collected 6338 gold pieces.
You spent 2349 gold pieces at shops.

Inventory:

Hand Weapons
 u - a +9 demon whip of draining
 E - a +9 demon whip of electrocution (weapon)
 R - a +9 sacred scourge of holy wrath
Armour
 b - the +0 pair of fencer's gloves {+Riposte Dex+3}
   (Okawaru gifted it to you on level 3 of the Realm of Zot)

   It affects your dexterity (+3).
 k - a +2 pair of boots of running (worn)
 K - +12 gold dragon scales (worn)
 L - the +3 hat of Pondering {ponderous, MR+ MP+10 Int+5}
   (You found it on level 5 of the Vaults)

   It affects your intelligence (+5).
   It affects your resistance to hostile enchantments.
   It affects your magic capacity (+10).
 V - a +2 hat (worn)
 W - a +2 pair of gloves (worn)
 X - the +5 large shield of Duty (worn) {Dex+2}
   (You bought it in a shop on level 2 of the Orcish Mines)

   It affects your dexterity (+2).
 Y - a scarf of repulsion (worn)
Jewellery
 j - the ring "Wicoutia" (right hand) {rF++ rC++ Int-4 Slay+3}
   (You found it in the Desolation of Salt)

   [ring of slaying]

   It affects your intelligence (-4).
   It affects your accuracy and damage with ranged weapons and melee attacks
   (+3).
   It greatly protects you from fire.
   It greatly protects you from cold.
 l - the ring of Zeduschaist {+Fly rF+ rN++ Str-5 Stlth+}
   (You took it off an ironheart preserver on level 5 of the Vaults)

   [ring of protection from fire]

   It affects your strength (-5).
   It protects you from fire.
   It greatly protects you from negative energy.
   It lets you fly.
   It makes you more stealthy.
 y - the ring "Amin Biklih" {*Corrode +Blink rPois Dex+3 Stlth+}
   (You found it on level 4 of the Depths)

   [ring of dexterity]

   It affects your dexterity (+3).
   It protects you from poison.
   It lets you blink.
   It may corrode you when you take damage.
   It makes you more stealthy.
 B - the amulet of the Air (around neck) {Inacc +Fly rElec EV+5 RMsl}
   (You found it on level 4 of the Shoals)

   [amulet of inaccuracy]

   It reduces the accuracy of all your attacks.
   It affects your evasion (+5).
   It insulates you from electricity.
   It lets you fly.
   It protects you from missiles.
 J - a ring of see invisible (left hand)
 P - an uncursed ring of protection from fire
 Q - the ring "Gexugusa" {rElec MR+ Str+4}
   (You bought it in a shop in a bazaar)

   [ring of protection from magic]

   It affects your strength (+4).
   It insulates you from electricity.
   It affects your resistance to hostile enchantments.
 S - the ring of Tiorph {rF++ rC+ Str-3 Int+2 Stlth+}
   (You found it in the Desolation of Salt)

   [ring of intelligence]

   It affects your strength (-3).
   It affects your intelligence (+2).
   It greatly protects you from fire.
   It protects you from cold.
   It makes you more stealthy.
 T - a +4 ring of slaying
Wands
 a - a wand of digging (13)
 p - a wand of paralysis (19)
 G - a wand of flame (143)
 M - a wand of acid (20)
 N - a wand of enslavement (8)
 O - a wand of iceblast (45)
Scrolls
 d - a scroll of identify {@r1}
 e - 2 scrolls of holy word
 h - 26 scrolls of remove curse {@r2}
 m - 5 scrolls of fog
 q - 4 scrolls of enchant armour
 A - 19 scrolls of teleportation
 C - a scroll of summoning
 D - 9 scrolls of fear
 F - 6 scrolls of amnesia
 H - 3 scrolls of blinking
 U - a scroll of magic mapping
 Z - a scroll of acquirement
Potions
 c - 15 potions of curing {@q1}
 i - 8 potions of brilliance
 r - 6 potions of invisibility
 s - 5 potions of cancellation
 t - 10 potions of flight
 v - 9 potions of heal wounds
 w - 3 potions of agility
 x - a potion of haste
 I - 6 potions of berserk rage
Books
 z - a manual of Throwing
Comestibles
 f - 76 rations


   Skills:
 + Level 26.6 Fighting
 - Level 17.1 Maces & Flails
 + Level 26.6 Armour
 + Level 23.0 Dodging
 - Level 0.1 Stealth
 + Level 26.6 Shields
 - Level 6.0 Invocations


You had 26 spell levels left.
You didn't know any spells.
Your spell library contained the following spells:

 Spells                   Type           Power        Failure   Level  Hunger
 Animate Skeleton         Necr           N/A          99%         1    ##.....
 Apportation              Tloc           #.....       99%         1    ##.....
 Confusing Touch          Hex            #.....       99%         1    ##.....
 Corona                   Hex            #......      99%         1    ##.....
 Flame Tongue             Conj/Fire      #....        99%         1    ##.....
 Infusion                 Chrm           #...         99%         1    ##.....
 Pain                     Necr           #...         99%         1    ##.....
 Summon Butterflies       Summ           #.......     99%         1    ##.....
 Summon Small Mammal      Summ           #...         99%         1    ##.....
 Blink                    Tloc           N/A          100%        2    ###....
 Ensorcelled Hibernation  Hex/Ice        #.....       100%        2    ###....
 Passwall                 Tmut/Erth      #.......     100%        2    ###....
 Poisonous Vapours        Pois/Air       #.....       100%        2    ###....
 Shroud of Golubria       Chrm/Tloc      #.........   100%        2    ###....
 Slow                     Hex            #.......     100%        2    ###....
 Song of Slaying          Chrm           #.......     100%        2    ###....
 Sticks to Snakes         Tmut           #.......     100%        2    ###....
 Sublimation of Blood     Necr           #.........   100%        2    ###....
 Swiftness                Chrm/Air       #.......     100%        2    ###....
 Throw Flame              Conj/Fire      #.....       100%        2    ###....
 Throw Frost              Conj/Ice       #.....       100%        2    ###....
 Conjure Flame            Conj/Fire      #.......     100%        3    ####...
 Gell's Gravitas          Tloc           #.........   100%        3    ####...
 Ignite Poison            Fire/Tmut/Pois #.......     100%        3    ####...
 Inner Flame              Hex/Fire       #.......     100%        3    ####...
 Lesser Beckoning         Tloc           #.........   100%        3    ####...
 Mephitic Cloud           Conj/Pois/Air  #.......     100%        3    ####...
 Ozocubu's Armour         Chrm/Ice       #.......     100%        3    ####...
 Portal Projectile        Hex/Tloc       #.....       100%        3    ####...
 Regeneration             Chrm/Necr      #.........   100%        3    ####...
 Static Discharge         Conj/Air       #.......     100%        3    ####...
 Stone Arrow              Conj/Erth      #.....       100%        3    ####...
 Teleport Other           Tloc           #.......     100%        3    ####...
 Vampiric Draining        Necr           #.........   100%        3    ####...
 Animate Dead             Necr           N/A          100%        4    #####..
 Cause Fear               Hex            #.........   100%        4    #####..
 Force Lance              Conj/Tloc      #.......     100%        4    #####..
 Ice Form                 Ice/Tmut       #.......     100%        4    #####..
 Leda's Liquefaction      Hex/Erth       #.........   100%        4    #####..
 Petrify                  Tmut/Erth      #.......     100%        4    #####..
 Sticky Flame             Conj/Fire      #.......     100%        4    #####..
 Summon Lightning Spire   Summ/Air       #.......     100%        4    #####..
 Throw Icicle             Conj/Ice       #.......     100%        4    #####..
 Alistair's Intoxication  Tmut/Pois      #.......     100%        5    ######.
 Aura of Abjuration       Summ           #.........   100%        5    ######.
 Bolt of Draining         Conj/Necr      #.........   100%        5    ######.
 Bolt of Magma            Conj/Fire/Erth #.........   100%        5    ######.
 Fireball                 Conj/Fire      #.........   100%        5    ######.
 Irradiate                Conj/Tmut      #.........   100%        5    ######.
 Iskenderun's Battlesphe  Conj/Chrm      #.......     100%        5    ######.
 Lee's Rapid Deconstruct  Erth           #.........   100%        5    ######.
 Lightning Bolt           Conj/Air       #.........   100%        5    ######.
 Metabolic Englaciation   Hex/Ice        #.........   100%        5    ######.
 Silence                  Hex/Air        #.........   100%        5    ######.
 Venom Bolt               Conj/Pois      #.........   100%        5    ######.
 Bolt of Cold             Conj/Ice       #.........   100%        6    #######
 Bolt of Fire             Conj/Fire      #.........   100%        6    #######
 Conjure Ball Lightning   Conj/Air       #.........   100%        6    #######
 Freezing Cloud           Conj/Ice/Air   #.........   100%        6    #######
 Hydra Form               Tmut           #.........   100%        6    #######
 Iron Shot                Conj/Erth      #.........   100%        6    #######
 Ozocubu's Refrigeration  Ice            #.........   100%        6    #######
 Simulacrum               Ice/Necr       #.........   100%        6    #######
 Statue Form              Tmut/Erth      #........    100%        6    #######
 Dragon Form              Tmut           #.........   100%        7    #######
 Malign Gateway           Summ/Tloc      #.........   100%        7    #######
 Monstrous Menagerie      Summ           #.........   100%        7    #######
 Orb of Destruction       Conj           #.........   100%        7    #######
 Ring of Flames           Chrm/Fire      #.........   100%        7    #######
 Spellforged Servitor     Conj/Summ      #.........   100%        7    #######
 Summon Greater Demon     Summ           #.........   100%        7    #######
 Ignition                 Fire           #.........   100%        8    #######
 Summon Horrible Things   Summ           #.........   100%        8    #######
 Dragon's Call            Summ           #.........   100%        9    #######
 Shatter                  Erth           #.........   100%        9    #######
 Tornado                  Air            #.........   100%        9    #######
 Passage of Golubria      Tloc           Unusable     N/A         4    N/A

Dungeon Overview and Level Annotations

Branches:
Dungeon (15/15)            Temple (1/1) D:4            Lair (6/6) D:11
 Shoals (4/4) Lair:4        Snake (4/4) Lair:3        Slime (0/5) Lair:6
    Orc (2/2) D:11            Elf (0/3) Orc:2        Vaults (5/5) D:13
  Crypt (0/3) Vaults:3     Depths (5/5) D:15            Zot (5/5) Depths:5

Altars:
Ashenzari
Dithmenos
Elyvilon
Fedhas
Gozag
Kikubaaqudgha
Makhleb
Nemelex Xobeh
Okawaru
Qazlal
Ru
Sif Muna
Uskayaw
Vehumet
Wu Jian
Xom
Yredelemnul
Zin
The Shining One
Beogh

Shops:
D:6 :   D:15 [   Orc:2 ?([[   Shoals:1 *   Shoals:2 :%?(}   Snake:1 [
Snake:4 =}}(

Portals:
Hell: Depths:1 Depths:2 Depths:3 Depths:4 Depths:5
Abyss: Depths:2 Depths:4
Pandemonium: Depths:3 Depths:4
Ziggurat: Depths:1
Trove: Vaults:1 (give 2 scrolls of acquirement)

Annotations:
D:7 1 runed door
Lair:4 exclusion: oklob plant
Lair:6 exclusion: 2 oklob plants


Innate Abilities, Weirdness & Mutations

You reflexively headbutt those who attack you in melee.
You have a pair of horns on your head.
You have large cloven feet.
You are partially covered in molten scales. (AC +2)
Scrolls take you longer to read.
Armour fits poorly on your strangely shaped body.
You are frail. (-10% HP)


Message History

You climb upwards.
There is a stone staircase leading down here.
There is an open door here.
You see here a club.
A gelid demonspawn comes into view. It is wielding a +0 dire flail.
The gelid demonspawn shouts!
Unknown command.
You enter the shallow water.
Moving in this stuff is going to be slow.
You enter the shallow water.
Moving in this stuff is going to be slow.
There is a staircase leading out of the dungeon here.
Evoke which item? (* to show all) (? for menu, Esc to quit)
Aiming: Throw Flame
Press: ? - help, Shift-Dir - straight line The puff of flame hits the gelid demonspawn.
The gelid demonspawn appears unharmed.
The gelid demonspawn's icy envelope dissipates!
The gelid demonspawn is engulfed in a cloud of scalding steam.
You have escaped!

#.#≈.#.#.###.≈≈≈≈.######......
#..≈.#.#.#...≈.........#......
##.≈.#.#.#.≈≈≈.#########......
#.≈.#.#...≈.......)...#......
#.≈...#.≈≈≈.≈≈≈≈≈.###.#......
#.≈≈≈.#.≈...≈...≈...#........
#.#.≈.#.≈.≈≈≈.≈.≈≈≈.####.....
#.#.≈...≈.....§...≈...##(....
#.#.≈≈≈.≈≈≈.@6≈≈≈.≈≈≈.##.....
#.#...≈...≈.....≈...≈.##.....
#.###.≈≈≈.≈(≈≈≈.≈.#.≈.##.....
#...#...≈...≈...≈.#.≈≈≈######
###.###.≈≈≈≈≈.≈≈≈.#...≈# #...
#...........≈...#.#.≈# #...
#########.≈≈≈.#.#.#(≈# #...
#.........≈...#.#.#.≈# #...
######.≈≈≈≈.###.#.#.≈# ###.


You could see a gelid demonspawn.

Vanquished Creatures
  Mara (Vaults:4)
  4 orbs of fire
  Mennas (Depths:5)
  2 ancient liches (Zot:5)
  Sojobo (Vaults:3)
  Boris (Vaults:4)
  Xtahua (Vaults:2)
  5 Killer Klowns (Zot:5)
  5 caustic shrikes
  Nikola (Shoals:1)
  9 golden dragons
  A Brimstone Fiend (D:7)
  A bone dragon (Depths:5)
  3 electric golems
  16 tentacled monstrosities
  4 liches
  22 Orb Guardians (Zot:5)
  Asterion (Snake:3)
  6 titans
  6 quicksilver dragons
  13 sphinxes
  5 tentacled starspawn
  Agnes (Snake:1)
  15 storm dragons
  Kirke (Lair:4)
  15 death cobs
  9 shadow dragons
  11 tengu reavers
  7 draconian monks
  5 fire giants
  6 frost giants
  21 nagarajas
  14 vault wardens
  6 draconian scorchers
  3 iron dragons (Vaults:4)
  2 deep elf sorcerers (Vaults:5)
  3 imperial myrmidons (Desolation)
  2 deep elf elementalists (Vaults:5)
  A draconian shifter (Depths:5)
  A ghoul (Vaults:4)
  4 ghost moths
  2 spriggan defenders
  4 draconian stormcallers
  4 draconian knights
  17 ironheart preservers
  2 orc warlords
  2 war gargoyles
  7 draconian annihilators
  22 stone giants
  4 vampire knights
  2 entropy weavers (Vaults:4)
  5 deep elf demonologists
  25 very ugly things
  2 deep elf annihilators
  8 black draconians
  Azrael (Snake:3)
  A halazid warlock (Desolation)
  7 white draconians
  6 green draconians
  6 purple draconians
  13 red draconians
  7 yellow draconians
  The ghost of Spaninq the Destroyer, a journeyman DrCj of Vehumet (D:9)
  A lorocyproca (Abyss:4)
  2 spark wasps (Depths:4)
  A deep elf death mage (Vaults:4)
  2 crystal guardians (Desolation)
  10 fire dragons
  Snorg (Lair:3)
  12 merfolk impalers
  14 ettins
  15 yaktaur captains
  A deep elf high priest (Vaults:5)
  6 merfolk javelineers
  7 ragged hierophants (Desolation)
  A hydra (shapeshifter) (Vaults:4)
  2 hell beasts
  6 great orbs of eyes
  28 vault guards
  6 ice dragons
  7 servants of whispers (Desolation)
  8 rakshasas
  2 catoblepae
  3 merfolk aquamancers (Shoals:4)
  15 naga warriors
  3 merfolk avatars
  7 spriggan air magi
  10 hydras
  5 death knights
  8 anacondas
  12 peacekeepers
  18 ogre magi
  An alligator snapping turtle (Shoals:4)
  49 two-headed ogres
  14 centaur warriors
  A satyr (shapeshifter) (Depths:3)
  The ghost of hellotanjent the Basher, a journeyman GrFi of Ashenzari (D:9)
  10 deep troll shamans
  2 dancing weapons (Vaults:5)
  7 deep troll earth magi
  4 spriggan berserkers
  6 tengu warriors
  4 shock serpents
  2 deep elf knights
  Sonja (Lair:2)
  16 naga sharpshooters
  3 thrashing horrors (Abyss:4)
  A wretched star (Abyss:4)
  2 spriggans (Depths:5)
  3 iron trolls
  16 skeletal warriors
  A storm dragon skeleton (Depths:2)
  A death drake (shapeshifter) (Depths:1)
  2 spatial maelstroms (Abyss:4)
  6 hell knights
  4 glowing orange brains
  10 sea snakes
  35 deep trolls
  3 shadow wraiths
  6 wizards
  3 naga ritualists
  3 flayed ghosts
  6 unseen horrors
  27 harpies
  A tengu zombie (Depths:1)
  3 harpies (shapeshifter)
  A deep troll (shapeshifter) (Depths:4)
  3 necromancers
  4 lindwurms
  18 ironbrand convokers
  8 orc knights
  A wolf spider (shapeshifter) (Vaults:5)
  7 deep elf archers
  An orb spider (shapeshifter) (D:13)
  5 mana vipers
  2 orc sorcerers
  3 phantasmal warriors (Vaults:4)
  An oklob plant (Lair:6)
  3 wolf spiders
  36 ugly things
  13 deep elf magi
  16 manticores
  18 moths of wrath
  12 cyclopes
  2 salamanders (shapeshifter) (Vaults:3)
  10 salamanders
  16 fauns
  8 vault sentinels
  30 black mambas
  18 guardian serpents
  3 elephants (Lair:4)
  13 naga magi
  3 water nymphs
  2 orange demons
  12 merfolk sirens
  5 spectral swamp worms (Depths:3)
  Psyche (D:8)
  2 rust devils
  A smoke demon (Abyss:4)
  An elf zombie (Depths:2)
  24 spiny frogs
  A molten gargoyle (Desolation)
  2 spriggan skeletons (Depths:2)
  A frost giant skeleton (Vaults:4)
  A yaktaur zombie (Depths:1)
  6 torpor snails
  2 kobold demonologists (D:11)
  6 freezing wraiths
  5 rime drakes
  2 efreet (D:12)
  53 yaktaurs
  A rime drake (shapeshifter) (Depths:4)
  A komodo dragon (shapeshifter) (Vaults:1)
  12 komodo dragons
  An ancient zyme (Abyss:4)
  A hellwing (Depths:2)
  21 merfolk
  A queen bee (Lair:3)
  2 tengu conjurers
  A jumping spider (shapeshifter) (Vaults:2)
  A merfolk (shapeshifter) (D:14)
  4 tyrant leeches (Lair:6)
  2 polar bears
  3 wind drakes
  11 trolls
  A meliai (shapeshifter) (Vaults:3)
  A jumping spider (Vaults:4)
  3 meliai (D:13)
  70 saltlings
  12 blink frogs
  2 fire dragon zombies (Depths:1)
  15 hornets
  7 raiju (Abyss:4)
  34 slime creatures
  8 snapping turtles
  20 dream sheep
  2 large abominations (Abyss:4)
  14 hippogriffs
  A sphinx simulacrum (Vaults:1)
  A frost giant simulacrum (Vaults:2)
  15 water elementals
  A flying skull (Abyss:4)
  4 redbacks (Vaults:4)
  2 shadows
  2 redbacks (shapeshifter)
  A wyvern (shapeshifter) (D:15)
  A fire bat (shapeshifter) (Vaults:1)
  A tarantella (shapeshifter) (Vaults:4)
  5 hogs (Lair:3)
  12 wyverns
  Grum (Lair:1)
  A small abomination (Abyss:4)
  2 yaks (shapeshifter)
  46 yaks
  A golden eye (shapeshifter) (Vaults:4)
  2 wraiths
  4 basilisks
  3 fire elementals (Snake:3)
  A hog (shapeshifter) (Vaults:4)
  A chaos spawn (Abyss:4)
  A steam dragon (D:14)
  2 vampire mosquitoes (D:13)
  2 hungry ghosts
  A spatial vortex (Abyss:4)
  Menkaure (D:5)
  An insubstantial wisp (Abyss:4)
  A soldier ant (shapeshifter) (Depths:3)
  3 wargs
  2 hell hounds
  An acid dragon (D:14)
  42 nagas
  A soldier ant (D:15)
  15 water moccasins
  Duvessa (D:4)
  A water moccasin (shapeshifter) (Vaults:4)
  3 floating eyes
  A black bear (shapeshifter) (Vaults:2)
  11 porcupines
  5 sky beasts
  5 swamp drakes (Depths:4)
  2 phantoms
  47 orc warriors
  5 ice beasts
  3 black bears
  42 ogres
  9 boggarts
  13 wolves
  25 centaurs
  13 crocodiles
  A crocodile (shapeshifter) (Depths:1)
  An elf skeleton (Vaults:4)
  8 big kobolds
  13 bullfrogs
  Dowan (D:4)
  An ogre simulacrum (Vaults:1)
  8 scorpions
  3 wights (D:13)
  31 killer bees
  An orc simulacrum (Vaults:1)
  4 human simulacra
  2 bullfrog zombies
  2 howler monkeys
  7 crimson imps
  6 centaur zombies
  A quasit (D:7)
  2 human zombies (Ossuary)
  7 hounds
  24 orc priests
  3 centaur skeletons
  4 jellies
  25 orc wizards
  3 bullfrog skeletons
  A worker ant (shapeshifter) (D:15)
  16 iguanas
  7 worker ants
  6 big kobold zombies (Ossuary)
  A hound zombie (D:6)
  3 mummies (Ossuary)
  A worker ant zombie (D:6)
  11 gnolls
  A river rat (D:6)
  17 adders
  5 scorpion zombies (Ossuary)
  5 shadow imps
  A white imp (Depths:4)
  2 oozes
  3 dart slugs
  8 leopard geckos
  102 orcs
  4 ball pythons
  9 giant cockroaches
  10 goblins
  6 hobgoblins
  8 jackals
  29 kobolds
  8 quokkas
  6 bats
  9 frilled lizards
  2 gnoll zombies (Ossuary)
  2 goblin zombies (Ossuary)
  A hobgoblin zombie (Ossuary)
  A jackal skeleton (D:7)
  A kobold zombie (Ossuary)
  An orc zombie (Ossuary)
  A quokka skeleton (D:5)
  7 rats
  A fungus (Depths:4)
  A plant (Depths:1)
  2 starspawn tentacles (Abyss:4)
2308 creatures vanquished.

Vanquished Creatures (others)
  A ghost moth (Zot:5)
  A ragged hierophant (Desolation)
  A redback (Vaults:4)
  A golden eye (Abyss:4)
  A naga (Snake:4)
  A small abomination (Abyss:4)
  A wight (Abyss:4)
  An orc wizard (D:12)
  A quokka (D:3)
  An orc zombie (Abyss:4)
  26 fungi
  99 plants
  9 starspawn tentacles
  6 withered plants (D:9)
150 creatures vanquished.

Grand Total: 2458 creatures vanquished

Notes
Turn   | Place    | Note
-------+----------+-------------------------------------------
     0 | D:1      | sleepydude the Minotaur Fighter began the quest for the
                  | Orb.
     0 | D:1      | Reached XP level 1. HP: 19/19 MP: 0/0
   124 | D:1      | Reached XP level 2. HP: 21/27 MP: 1/1
   881 | D:2      | Reached XP level 3. HP: 30/33 MP: 2/2
  1532 | D:2      | Found a blossoming altar of Fedhas.
  1532 | D:2      | Found a shadowy altar of Dithmenos.
  1868 | D:2      | Reached XP level 4. HP: 39/41 MP: 3/3
  1940 | D:3      | Found a white marble altar of Elyvilon.
  2523 | D:4      | Noticed an ogre
  2536 | D:3      | Killed an ogre
  2536 | D:3      | Reached skill level 5 in Shields
  2536 | D:3      | Reached XP level 5. HP: 8/47 MP: 4/4
  2801 | D:4      | Reached skill level 5 in Fighting
  2830 | D:4      | Reached skill level 5 in Armour
  2889 | D:4      | Got a polished mace
  2890 | D:4      | Identified the +10 mace of Misery {drain, Dex+2} (You found
                  | it on level 4 of the Dungeon)
  2977 | D:4      | Noticed an ogre
  2986 | D:4      | Killed an ogre
  2986 | D:4      | Reached XP level 6. HP: 10/56 MP: 5/5
  3329 | D:4      | Got a pair of transparent boots
  3335 | D:4      | Identified the +0 pair of boots of Itatov {Regen+} (You
                  | found it on level 4 of the Dungeon)
  3369 | D:4      | Noticed Duvessa
  3392 | D:4      | Noticed Dowan
  3398 | D:4      | Killed Duvessa
  3398 | D:4      | Reached XP level 7. HP: 62/62 MP: 6/6
  3401 | D:4      | Killed Dowan
  3401 | D:4      | Reached skill level 5 in Maces & Flails
  3563 | D:4      | Found a staircase to the Ecumenical Temple.
  3572 | Temple   | Entered the Ecumenical Temple
  3647 | Temple   | Became a worshipper of Warmaster Okawaru
  3703 | D:5      | Entered Level 5 of the Dungeon
  3945 | D:5      | Reached XP level 8. HP: 71/71 MP: 7/7
  4048 | D:5      | Noticed Menkaure
  4065 | D:5      | Killed Menkaure
  4189 | D:5      | Reached * piety under Okawaru
  4234 | D:5      | Found a deep blue altar of Sif Muna.
  4428 | D:6      | Found a sand-covered staircase.
  4437 | Ossuary  | Entered an ossuary
  4633 | Ossuary  | Reached ** piety under Okawaru
  4653 | Ossuary  | Reached XP level 9. HP: 81/81 MP: 8/8
  4835 | D:6      | Found a glowing drain.
  4848 | Sewer    | Entered a sewer
  5270 | D:6      | Found an opulent altar of Gozag.
  5309 | D:6      | Found Urajag's Book Shop.
  5541 | D:6      | Reached *** piety under Okawaru
  6114 | D:7      | Found a stormy altar of Qazlal.
  6399 | D:7      | Found a glowing silver altar of Zin.
  6399 | D:7      | Found a runed door.
  6399 | D:7      | Noticed an angel
  6611 | D:8      | Noticed a two-headed ogre
  6634 | D:8      | Killed a two-headed ogre
  6634 | D:8      | Reached **** piety under Okawaru
  6634 | D:8      | Reached XP level 10. HP: 69/91 MP: 6/9
  6850 | D:8      | Noticed Psyche
  6857 | D:8      | Killed Psyche
  7260 | D:9      | Found a runed gate.
  7261 | D:9      | Found a runed gate.
  7262 | D:9      | Found a runed gate.
  7263 | D:9      | Noticed hellotanjent's ghost (journeyman GrFi)
  7264 | D:9      | Noticed Spaninq's ghost (journeyman DrCj)
  7446 | D:9      | You fall through a shaft for 2 floors!
  7479 | D:10     | Entered Level 10 of the Dungeon
  7569 | D:10     | Reached skill level 10 in Fighting
  7569 | D:10     | Reached skill level 10 in Shields
  7575 | D:10     | Reached skill level 10 in Armour
  7754 | D:9      | Reached ***** piety under Okawaru
  7898 | D:9      | Reached skill level 10 in Maces & Flails
  8296 | D:10     | Noticed a manticore
  8302 | D:10     | Killed a manticore
  8313 | D:10     | Noticed a two-headed ogre
  8326 | D:10     | Killed a two-headed ogre
  8549 | D:9      | Reached XP level 11. HP: 64/101 MP: 10/10
  8936 | D:11     | Noticed a white ugly thing
  8940 | D:11     | Noticed a brown ugly thing
  8944 | D:11     | Killed a white ugly thing
  8947 | D:11     | Killed a white ugly thing
  9079 | D:11     | Noticed an unseen horror
  9085 | D:11     | Found a staircase to the Orcish Mines.
  9090 | D:11     | Killed an unseen horror
  9103 | D:11     | Noticed a red ugly thing
  9110 | D:11     | Killed a red ugly thing
  9132 | D:11     | Received a gift from Okawaru
  9232 | D:11     | Noticed a cyan ugly thing
  9267 | D:11     | Killed a cyan ugly thing
  9339 | D:11     | Identified Sif Muna's Papyrus of Lucky Feathers
  9552 | D:11     | Found a gateway to a bazaar.
  9559 | D:11     | Found a staircase to the Lair.
  9567 | Bazaar   | Entered a bazaar
  9581 | Bazaar   | Found Wohudilyna's Food Shoppe.
  9602 | Bazaar   | Found Gidirau's Armour Shoppe.
  9624 | Bazaar   | Found Toaphe's Distillery.
  9624 | Bazaar   | Found Tuzorph's Weapon Shoppe.
  9647 | Bazaar   | Found Polets's Antique Weapon Emporium.
  9647 | Bazaar   | Found Pybon's Jewellery Shoppe.
  9679 | Bazaar   | Bought the ring "Gexugusa" {rElec MR+ Str+4} for 284 gold
                  | pieces
  9723 | Bazaar   | Bought a +0 ring mail of poison resistance for 72 gold
                  | pieces
  9749 | Bazaar   | Bought an uncursed ring of protection from fire for 150
                  | gold pieces
  9895 | D:11     | Noticed an eight-headed hydra
  9904 | D:11     | Killed an eight-headed hydra
 10143 | Lair:1   | Entered Level 1 of the Lair of Beasts
 10215 | Lair:1   | Noticed a four-headed hydra
 10224 | Lair:1   | Killed a four-headed hydra
 10224 | Lair:1   | Reached XP level 12. HP: 70/112 MP: 8/11
 10919 | Lair:1   | Noticed Grum
 10941 | Lair:1   | Killed Grum
 11538 | Lair:2   | Received a gift from Okawaru
 11671 | Lair:2   | Reached ****** piety under Okawaru
 11864 | Lair:2   | Noticed Sonja
 11877 | Lair:2   | Killed Sonja
 12095 | Lair:2   | Found the +4 skin of Zhor {rC+++}
 12366 | Lair:3   | Noticed a five-headed hydra
 12376 | Lair:2   | Killed a five-headed hydra
 12376 | Lair:2   | Reached skill level 1 in Dodging
 12545 | Lair:3   | Noticed Snorg
 12574 | Lair:3   | Killed Snorg
 12654 | Lair:3   | Noticed a seven-headed hydra
 12665 | Lair:3   | Killed a seven-headed hydra
 12665 | Lair:3   | Reached XP level 13. HP: 103/122 MP: 9/12
 13471 | Lair:3   | Found a staircase to the Snake Pit.
 13793 | Lair:4   | Received a gift from Okawaru
 14446 | Lair:4   | Found a staircase to the Shoals.
 14459 | Lair:4   | Noticed Kirke
 14500 | Lair:4   | Killed Kirke
 14956 | Lair:5   | Received a gift from Okawaru
 15229 | Lair:5   | Reached skill level 5 in Dodging
 15759 | Lair:5   | You fall through a shaft!
 15759 | Lair:6   | Entered Level 6 of the Lair of Beasts
 15891 | Lair:6   | Found a dark tunnel.
 15896 | Volcano  | Entered a volcano
 15928 | Volcano  | Noticed a red draconian
 15945 | Volcano  | Killed a red draconian
 16077 | Volcano  | Received a gift from Okawaru
 16091 | Volcano  | Got a pair of dazzling gloves {god gift}
 16102 | Volcano  | Identified the +0 pair of gloves "Zuik Igi" {Str+2}
                  | (Okawaru gifted it to you in a volcano)
 16212 | Volcano  | Reached XP level 14. HP: 117/132 MP: 13/13
 17266 | Lair:6   | Found a runed door.
 17403 | Lair:6   | Received a gift from Okawaru
 17418 | Lair:6   | Got a slimy shield {god gift}
 17429 | Lair:6   | Identified the -6 shield of the Albatross {rPois Regen+}
                  | (Okawaru gifted it to you on level 6 of the Lair of Beasts)
 17775 | Lair:6   | Reached skill level 15 in Shields
 17805 | Lair:6   | Reached skill level 15 in Fighting
 17805 | Lair:6   | Reached skill level 15 in Armour
 18392 | Lair:6   | Found a staircase to the Slime Pits.
 18698 | Orc:1    | Entered Level 1 of the Orcish Mines
 18925 | Orc:2    | Entered Level 2 of the Orcish Mines
 18925 | Orc:2    | Found Pewnec's Weapon Boutique.
 19130 | Orc:2    | Found a roughly hewn altar of Beogh.
 19338 | Orc:2    | Found a roughly hewn altar of Beogh.
 19364 | Orc:2    | Found Uproiw's Magic Scroll Shoppe.
 19446 | Orc:2    | Found a roughly hewn altar of Beogh.
 19503 | Orc:2    | Found a roughly hewn altar of Beogh.
 19880 | Orc:2    | Reached skill level 15 in Maces & Flails
 20140 | Orc:1    | Reached XP level 15. HP: 139/141 MP: 14/14
 20374 | Orc:1    | Received a gift from Okawaru
 20685 | Orc:2    | Found Viosypot's Antique Armour Shoppe.
 20686 | Orc:2    | Found a roughly hewn altar of Beogh.
 20689 | Orc:2    | Found Baipiy's Antique Weapon Emporium.
 20734 | Orc:2    | Noticed an orc warlord
 20818 | Orc:1    | Killed an orc warlord
 20947 | Orc:2    | Found a staircase to the Elven Halls.
 20956 | Orc:2    | Found a roughly hewn altar of Beogh.
 21089 | Orc:2    | Found a roughly hewn altar of Beogh.
 21104 | Orc:2    | Found Wukkidayt's Antique Armour Shoppe.
 21226 | Orc:2    | Bought a transparent large shield for 275 gold pieces
 21226 | Orc:2    | Identified the +5 large shield of Duty {Dex+2} (You bought
                  | it in a shop on level 2 of the Orcish Mines)
 21237 | Orc:2    | Bought a glowing scarf for 232 gold pieces
 21242 | Orc:2    | Bought a smoking shield for 275 gold pieces
 21248 | Orc:2    | Identified the +4 shield of Trog {rC- Str+2 Int+3 SInv}
                  | (You bought it in a shop on level 2 of the Orcish Mines)
 22104 | D:12     | Received a gift from Okawaru
 23436 | D:13     | Found a gate to the Vaults.
 24428 | Snake:1  | Entered Level 1 of the Snake Pit
 24452 | Lair:3   | Received a gift from Okawaru
 24455 | Lair:3   | Got a spiked plate armour {god gift}
 24456 | Lair:3   | Identified the +1 plate armour of Roxuusint {Dex+4}
                  | (Okawaru gifted it to you on level 3 of the Lair of Beasts)
 24780 | Snake:1  | Noticed Agnes
 24795 | Snake:1  | Killed Agnes
 24839 | Snake:1  | Reached skill level 10 in Dodging
 24860 | Snake:1  | Found a radiant altar of Vehumet.
 24926 | Snake:1  | Reached XP level 16. HP: 151/151 MP: 13/15
 25073 | Snake:1  | Reached skill level 1 in Invocations
 25236 | Snake:1  | Found Unuary's Armour Boutique.
 25262 | Snake:1  | Identified the Grimoire of the Birds and the Volcanoes
 26249 | D:15     | Entered Level 15 of the Dungeon
 26427 | D:15     | Found a blossoming altar of Fedhas.
 26564 | D:15     | Received a gift from Okawaru
 26819 | D:15     | Found Keom's Armour Shop.
 27169 | D:15     | Found a staircase to the Depths.
 27338 | Depths:1 | Entered Level 1 of the Depths
 27381 | Depths:1 | Found a gateway to Hell.
 28046 | Depths:1 | Found a gateway to a ziggurat.
 28625 | Depths:1 | Received a gift from Okawaru
 28628 | Depths:1 | Got a transparent robe {god gift}
 28639 | Depths:1 | Identified the +0 robe of the Burgomaster {rCorr MP+9}
                  | (Okawaru gifted it to you on level 1 of the Depths)
 28687 | Depths:1 | Reached XP level 17. HP: 123/160 MP: 19/19
 28911 | Depths:1 | Reached skill level 5 in Invocations
 30661 | Shoals:1 | Entered Level 1 of the Shoals
 30661 | Shoals:1 | Found Wasuilyu's Assorted Antiques.
 30689 | Shoals:1 | Received a gift from Okawaru
 30810 | Shoals:1 | Noticed Nikola
 30842 | Shoals:1 | Killed Nikola
 31580 | Shoals:2 | Found Jeimir's Book Emporium.
 31778 | Shoals:2 | Received a gift from Okawaru
 31866 | Shoals:2 | Found Keeth's Magic Scroll Emporium.
 31898 | Shoals:2 | Found Vickik Isut's Gadget Emporium.
 32027 | Shoals:2 | Found Zat Fant's Food Shoppe.
 32060 | Shoals:2 | Found Ecrymaph's Antique Weapon Boutique.
 32513 | Shoals:3 | Reached XP level 18. HP: 162/171 MP: 21/21
 33090 | Shoals:3 | Cast into level 4 of the Abyss (a Zot trap)
 33090 | Abyss:4  | Found a corrupted altar of Lugonu.
 33150 | Shoals:3 | Escaped the Abyss
 33187 | Shoals:4 | Entered Level 4 of the Shoals
 33220 | Shoals:4 | Identified Juhathro's Handbook of Flight and Slavery
 33325 | Shoals:4 | Found the amulet of the Air {Inacc +Fly rElec EV+5 RMsl}
 33687 | Shoals:4 | Received a gift from Okawaru
 34261 | Shoals:4 | Got a barnacled rune of Zot
 36689 | Snake:3  | Noticed Azrael
 36717 | Snake:3  | Killed Azrael
 37412 | Snake:3  | Got a crystal broad axe
 37413 | Snake:3  | Identified the +1 broad axe of Sequestration {chop, rC+}
                  | (You found it on level 3 of the Snake Pit)
 37415 | Snake:3  | Noticed Asterion
 37439 | Snake:3  | Killed Asterion
 37762 | Snake:4  | Entered Level 4 of the Snake Pit
 38270 | Snake:4  | Reached XP level 19. HP: 181/181 MP: 16/22
 38818 | Snake:4  | Found Onni's Weapon Emporium.
 38897 | Snake:4  | Found Ybauts's Jewellery Emporium.
 38898 | Snake:4  | Found Justefo's Gadget Boutique.
 38898 | Snake:4  | Found Pyapriotesk's Gadget Boutique.
 39357 | Snake:4  | Received a gift from Okawaru
 40650 | Snake:4  | Got a serpentine rune of Zot
 41354 | Depths:2 | Paralysed by a floating eye for 2 turns
 41459 | Depths:2 | Found a one-way gate to the infinite horrors of the Abyss.
 41499 | Depths:1 | Received a gift from Okawaru
 41499 | Depths:1 | Reached skill level 15 in Dodging
 42270 | Depths:2 | Identified the Compendium of Congealing Flames
 42963 | Depths:2 | Paralysed by a sphinx for 4 turns
 42972 | Depths:2 | Reached XP level 20. HP: 181/193 MP: 23/23
 43333 | Vaults:1 | Entered Level 1 of the Vaults
 44510 | Vaults:1 | Found a portal to a secret trove of treasure.
 44602 | Vaults:1 | Received a gift from Okawaru
 44619 | Vaults:1 | Identified a +2 pair of boots of running (Okawaru gifted it
                  | to you on level 1 of the Vaults)
 44937 | Vaults:2 | Noticed Xtahua
 44955 | Vaults:2 | Killed Xtahua
 44968 | Vaults:2 | Found a ruined gateway.
 45005 | Desolati | Entered the Desolation of Salt
 45825 | Desolati | Got a heavily runed tin ring
 45836 | Desolati | Got a warped tin ring
 45895 | Desolati | Got a bone hand axe
 46001 | Desolati | Received a gift from Okawaru
 46557 | Desolati | Reached XP level 21. HP: 195/203 MP: 24/24
 46579 | Desolati | Identified the Almanac of Freezing Conjuration
 46586 | Desolati | Got a bound pewter ring
 47010 | D:9      | Killed hellotanjent's ghost
 47036 | D:9      | Killed Spaninq's ghost
 47204 | Orc:2    | Bought a scroll of identify for 32 gold pieces
 47204 | Orc:2    | Bought a scroll of identify for 32 gold pieces
 47204 | Orc:2    | Bought a scroll of identify for 32 gold pieces
 47204 | Orc:2    | Identified the ring "Wicoutia" {rF++ rC++ Int-4 Slay+3}
                  | (You found it in the Desolation of Salt)
 47205 | Orc:2    | Identified the cursed ring of Fyeps {MR- EV-2 Str+4} (You
                  | found it in the Desolation of Salt)
 47206 | Orc:2    | Identified the ring of Tiorph {rF++ rC+ Str-3 Int+2 Stlth+}
                  | (You found it in the Desolation of Salt)
 47214 | Orc:2    | Bought a scroll of enchant weapon for 120 gold pieces
 47440 | Shoals:2 | Bought a scroll of enchant weapon for 127 gold pieces
 47440 | Shoals:2 | Bought a scroll of enchant weapon for 127 gold pieces
 47440 | Shoals:2 | Bought a scroll of enchant weapon for 127 gold pieces
 47787 | Vaults:2 | Received a gift from Okawaru
 48539 | Vaults:2 | Received a gift from Okawaru
 48545 | Vaults:2 | Got a spiked hat {god gift}
 48546 | Vaults:2 | Identified the -3 hat "Jaeghaf" {rN+} (Okawaru gifted it to
                  | you on level 2 of the Vaults)
 49101 | Vaults:3 | Noticed Sojobo
 49134 | Vaults:3 | Killed Sojobo
 49486 | Depths:3 | Noticed a caustic shrike
 49487 | Depths:3 | Identified the +5 morningstar "Jeczuc" {drain, rElec Str+2}
 49487 | Depths:3 | Identified the +9 broad axe of Tortfeasance {drain, *Drain
                  | +Fly rC+ rN+}
 49501 | Depths:3 | Killed a caustic shrike
 49619 | Depths:2 | Paralysed by a sphinx for 4 turns
 49638 | Depths:2 | Paralysed by something for 6 turns
 50595 | Depths:3 | Found the +27 Lear's hauberk
 50735 | Depths:3 | Found a one-way gate leading to the halls of Pandemonium.
 51376 | Depths:3 | Identified the +9 hand axe of Guilt {freeze, Fragile rElec
                  | Str+5}
 52050 | Depths:4 | Received a gift from Okawaru
 52260 | Depths:4 | Got a twisted flail {god gift}
 52330 | Depths:4 | Reached XP level 22. HP: 214/214 MP: 25/25
 52448 | Depths:4 | Cast into level 4 of the Abyss (a lich)
 53064 | Depths:4 | Escaped the Abyss
 53426 | Depths:4 | Noticed a golden dragon
 53450 | Depths:4 | Killed a golden dragon
 53538 | Depths:4 | Got a twitching steel ring
 53571 | Depths:4 | Identified Lehudib's Volume of Confrontation and Earth
 53611 | Depths:4 | Identified the ring "Amin Biklih" {*Corrode +Blink rPois
                  | Dex+3 Stlth+} (You found it on level 4 of the Depths)
 53716 | Depths:4 | Received a gift from Okawaru
 53818 | Depths:4 | Paralysed by a great orb of eyes for 2 turns
 54048 | Depths:4 | Identified the +10 mace "Orb Guardian's Death" {drain,
                  | -Tele MR- Dex+8}
 54804 | Vaults:3 | Identified the +7 flail "Yfask" {freeze, rElec rC+ MP-9
                  | Str+4} (Okawaru gifted it to you on level 4 of the Depths)
 55883 | Vaults:3 | Found a staircase to the Crypt.
 56409 | Vaults:4 | Found a flickering gateway to a bazaar.
 56430 | Bazaar   | Entered a bazaar
 56450 | Bazaar   | Found Yxzel's Gadget Boutique.
 56454 | Bazaar   | Found Pocrae's Antique Weapon Boutique.
 56454 | Bazaar   | Found Otegy's Antique Armour Boutique.
 56455 | Bazaar   | Found Edghomis's Antique Weapon Boutique.
 56487 | Bazaar   | Bought a wand of digging (3) for 154 gold pieces
 57262 | Vaults:4 | Received a gift from Okawaru
 57348 | Vaults:4 | Reached XP level 23. HP: 172/225 MP: 26/26
 57350 | Vaults:4 | Got a dazzling demon whip {god gift}
 57393 | Vaults:4 | Identified the +6 demon whip of Slow Death {venom, Int+3
                  | SInv} (Okawaru gifted it to you on level 4 of the Vaults)
 57589 | Vaults:4 | Noticed Mara
 57617 | Vaults:4 | Killed Mara
 58062 | Vaults:4 | Received a gift from Okawaru
 58300 | Vaults:4 | Identified the Almanac of Snow and the Entourage
 58354 | Vaults:5 | Entered Level 5 of the Vaults
 58817 | Vaults:5 | Paralysed by a sphinx for 6 turns
 58832 | Vaults:4 | Received a gift from Okawaru
 58835 | Vaults:4 | Got a pitted demon whip {god gift}
 58838 | Vaults:4 | Identified the +10 demon whip of Lyimaule {pain, +Rage +Inv
                  | Dex+2} (Okawaru gifted it to you on level 4 of the Vaults)
 59174 | Vaults:5 | Noticed Boris
 60229 | Vaults:4 | Received a gift from Okawaru
 60652 | Vaults:4 | Killed Boris
 60675 | Vaults:4 | Reached XP level 24. HP: 183/236 MP: 22/26
 60806 | Vaults:5 | Identified the cursed +0 falchion of Fythriz {drain, Str+3
                  | Int+3}
 61172 | Vaults:5 | Identified the ring of Zeduschaist {+Fly rF+ rN++ Str-5
                  | Stlth+}
 61875 | Vaults:5 | Found the +3 hat of Pondering {ponderous, MR+ MP+10 Int+5}
 61880 | Vaults:5 | Identified the Compendium of the Sneaky Dreams
 61983 | Vaults:5 | Received a gift from Okawaru
 62533 | Vaults:5 | Found the +3 warlock's mirror {reflect}
 62575 | Vaults:5 | Got a silver rune of Zot
 62935 | Vaults:5 | Identified the +3 scale mail of Didghunosk {rN+ Regen+
                  | Dex+4}
 63083 | Vaults:5 | Identified the Collected Works on Supportive Fire
 63583 | Depths:5 | Entered Level 5 of the Depths
 63842 | Depths:5 | Identified the Grimoire of Shifting Enhancements
 63862 | Depths:5 | Noticed Mennas
 63951 | Depths:5 | Killed Mennas
 63951 | Depths:5 | Received a gift from Okawaru
 63952 | Depths:5 | Found the +8 longbow "Zephyr" {speed, Dex+3 SInv}
 64362 | Shoals:2 | Bought a scroll of enchant weapon for 127 gold pieces
 64362 | Shoals:2 | Bought a scroll of enchant weapon for 127 gold pieces
 64947 | Depths:5 | Reached XP level 25. HP: 216/247 MP: 26/26
 65101 | Depths:5 | Found a gate to the Realm of Zot.
 65940 | Zot:1    | Entered Level 1 of the Realm of Zot
 66268 | Orc:2    | Bought a scroll of magic mapping for 56 gold pieces
 66695 | Zot:1    | Noticed an orb of fire
 66728 | Zot:1    | Killed an orb of fire
 66728 | Zot:1    | Received a gift from Okawaru
 68172 | Zot:2    | Received a gift from Okawaru
 68625 | Zot:3    | Identified a scroll of acquirement
 68876 | Zot:3    | Received a gift from Okawaru
 68877 | Zot:3    | Found the +0 pair of fencer's gloves {+Riposte Dex+3}
 69321 | Zot:3    | Reached XP level 26. HP: 234/258 MP: 26/26
 70599 | Zot:4    | Received a gift from Okawaru
 71179 | Zot:5    | Entered Level 5 of the Realm of Zot
 71631 | Zot:5    | Noticed an ancient lich
 71676 | Zot:5    | Killed an ancient lich
 71805 | Zot:5    | Noticed an orb of fire
 71805 | Zot:5    | Noticed an orb of fire
 71829 | Zot:5    | Gained mutation: You are partially covered in molten
                  | scales. (AC +2) [an orb of fire]
 71837 | Zot:5    | Gained mutation: You have large cloven feet. [an orb of
                  | fire]
 71845 | Zot:5    | Killed an orb of fire
 71857 | Zot:5    | Gained mutation: Scrolls take you a little longer to read.
                  | [an orb of fire]
 71861 | Zot:5    | Killed an orb of fire
 71861 | Zot:5    | Received a gift from Okawaru
 71864 | Zot:5    | Got a shimmering crystal plate armour {god gift}
 71867 | Zot:5    | Identified the +0 crystal plate armour of Foupech {rElec
                  | rC+ rN++} (Okawaru gifted it to you on level 5 of the Realm
                  | of Zot)
 71870 | Zot:5    | Noticed an ancient lich
 71881 | Zot:5    | Killed an ancient lich
 71911 | Zot:5    | Reached XP level 27. HP: 203/269 MP: 26/26
 72174 | Zot:5    | Noticed an orb of fire
 72211 | Zot:5    | Gained mutation: Scrolls take you longer to read. [an orb
                  | of fire]
 72212 | Zot:5    | Gained mutation: Armour fits poorly on your strangely
                  | shaped body. [an orb of fire]
 72214 | Zot:5    | Gained mutation: You are frail. (-10% HP) [an orb of fire]
 72231 | Zot:5    | Killed an orb of fire
 72508 | Zot:5    | Got the Orb of Zot
 72552 | Zot:5    | Noticed an ancient lich
 72601 | Zot:3    | Noticed Zarphi the pandemonium lord
 72813 | Depths:2 | Noticed Yfeleapeph the pandemonium lord
 72996 | D:10     | Noticed Niedahun the pandemonium lord
 73238 | D:$      | Escaped with the Orb!

Vault maps used:
D:1:      psy_arrival_radial02
D:2:      gammafunk_temple_overflow_wave, minmay_misc_feat_room,
          supply_closet_lemuel
D:3:      elyvilon_altar_4
D:4:      lemuel_temple_firewalk_b, first_ration, uniq_duvessa
D:5:      led_sif_pool, uniq_menkaure
D:6:      nicolae_ossuary_entry_monument, portal_sewer_entry_e, serial_shops,
          kennysheep_mini, minmay_misc_feat_pillars,
          nicolae_gozag_cash_rules_everything_around_me
D:7:      overflow_temple_1_default, grunt_ogre_cave, lemuel_angel_altar
D:8:      uniq_psyche
D:9:      gammafunk_ghost_cemetery
D:10:     minmay_rotating_lava
D:11:     lair_entry_dummy, david_orc_1_choice, serial_shops, bzr_entry_dummy
D:12:     evilmike_horseshoe
D:13:     david_vaults_2
D:15:     gammafunk_enter_depths_forms, serial_shops, shop, fedhas_altar_2
Temple:   regret_index_temple_mists
Lair:1:   beast_lair_carwin_large_4, nicolae_lair_grove_arrangements,
          patterned_corridor, uniq_grum
Lair:2:   lemuel_fruit_fields, serial_bayou_shore_b, grunt_megastairs_4,
          infiniplex_staircase_pool, uniq_sonja
Lair:3:   dummy_snake_entry, special_room, uniq_snorg
Lair:4:   minmay_shoals_entry_beasts, uniq_kirke
Lair:6:   wormcave, hangedman_lair_tendril_chambers,
          minmay_slime_entry_oklob_open, nicolae_volcano_entry_s_turn,
          st_stairs_10, lemuel_fruit_fields
Shoals:1: serial_shops, shop, uniq_nikola
Shoals:2: serial_shops, shop, nicolae_shop_trees, shop, shop,
          nicolae_shop_temple_entry_statues_fountains
Shoals:4: shoals_end_simple, nicolae_shoals_stone_sculpture_thing
Snake:1:  basic_altar, serial_shops, shop, uniq_agnes
Snake:3:  uniq_asterion, uniq_azrael
Snake:4:  snake_hunt, serial_shops, nicolae_shop_stone, grunt_megastairs_2,
          lemuel_fruit_tree, serial_bayou_shore_b, minmay_shop_grove
Orc:1:    uniq_erolcha
Orc:2:    grunt_orc_community_town_hall, grunt_orc_community_big_house_2,
          grunt_orc_community_big_house_1, grunt_orc_community_house_3,
          grunt_orc_community_house_3, grunt_orc_community_house_3,
          grunt_orc_community_house_3, serial_shops, shop
Vaults:1: grunt_vaults_twisty, nicolae_vaults_ring_of_whatevers,
          nicolae_vaults_triangles, v_misc_32, v_alt_pattern_5,
          vaults_dpeg_hooks, vaults_room_grid, serial_ice_g,
          nicolae_vaults_ring_of_whatevers, nicolae_vaults_shelves_hall,
          st_lattice, vaults_room_semicircle, nicolae_vaults_alarming,
          nicolae_trove_entry_crossroad
Vaults:2: nicolae_vaults_network_s, nicolae_vaults_specimen_jars,
          vaults_dpeg_cross, v_alt_pattern_2, hangedman_vaults_impose,
          v_rooms_5, hangedman_vaults_pinch, vaults_mumra_chevron, v_pattern_1,
          v_misc_22, portal_desolation_entry_salt, uniq_xtahua
Vaults:3: vaults_room_corners, v_rooms_1, v_misc_27, blue_anna_dwarven_crypt,
          nicolae_vaults_little_squares_2, vaults_dpeg_spiral,
          nicolae_vaults_circle_grid_a, nicolae_vaults_shelves_hall,
          nicolae_vaults_diagonal_hallway_6, nicolae_vaults_yaktaur_gun_rack,
          uniq_sojobo
Vaults:4: nicolae_vaults_little_ls, vaults_mumra_lcd, hangedman_vaults_stitches,
          dpeg_vaults_monster_box, nicolae_vaults_little_squares_6, v_misc_1,
          grunt_vaults_funnel, vaults_room_pools, hangedman_vaults_unwind,
          nicolae_vaults_gold_heap, hangedman_vaults_nails, vaults_room_hallway,
          nicolae_vaults_circle_grid_b, nicolae_vaults_ring_of_whatevers,
          serial_shops, bzr_entry_water, uniq_mara
Vaults:5: uniq_boris
Depths:1: enter_ziggurat_e, grunt_mini_vestibule, serial_bayou,
          serial_bayou_ford_a, serial_bayou_lake_a, serial_bayou_pond_d,
          serial_bayou_pond_c, serial_bayou_lagoon_a, serial_bayou_pond_d,
          onia_ninara_cookie, firewood_loft
Depths:2: minmay_bloctagon, eino_curves_02, abyss_entry, serial_corexii_hall,
          corexii_hall_statues_i, chequers_hall_statues_wall_a, hell_entry,
          serial_bayou_shore_a
Depths:3: cheibrodos_tormentor_scu, pan_entry, minmay_curled_crystal,
          pf_hell_entry_tar_river, minmay_the_grid_square_5x5_3x3_mashed,
          infiniplex_staircase_zigzag_4
Depths:4: gold_lair_mu, minmay_misc_feat_cross, pan_entry,
          hangedman_coc_ice_floe, hangedman_abyss_entry_splay,
          minmay_staircase_statues_hall_small
Depths:5: grunt_zot_entry_funnels, hell_entry, nrook_mini_backslash,
          st_stairs_13, minmay_misc_feat_more_columns, uniq_mennas
Zot:1:    grunt_megastairs_3
Zot:3:    stair_cage_wide
Zot:4:    evilmike_ambush
Abyss:4:  bh_silent_lugonu_exit, evilmike_abyss_rune_tso_outpost, minivault_24,
          bh_abyss_xom_lugonu_altar, evilmike_abyss_exit_6
Bazaar:   bazaar_long_row, bazaar_minmay_cross
Sewer:    kennysheep_pipe_town
Ossuary:  ossuary_minmay_scorpions
Volcano:  volcano_pools

Skill      XL: |  1  2  3  4  5  6  7  8  9 10 11 12 13 14 15 16 17 18 19 20 21 22 23 24 25 26 27 |
---------------+----------------------------------------------------------------------------------+-----
Fighting       | 4 5 6 7 9 10 12 13 14 15 16 17 18 19 20 21 22 23 24 25 26 | 26.6
Armour         | 4 5 6 7 9 10 12 13 14 15 16 17 18 19 20 21 22 23 24 25 26 | 26.6
Shields        | 4 5 6 8 9 10 12 13 14 15 16 17 19 20 21 22 23 24 25 26 | 26.6
Maces & Flails | 3 4 5 7 9 10 11 13 14 15 16 17 | 17.1
Dodging        | 2 5 8 10 11 12 14 15 16 17 18 19 20 21 22 23 | 23.0
Invocations    | 4 6 |  6.0
Stealth        | |  0.1

Action                   |  1- 3 |  4- 6 |  7- 9 | 10-12 | 13-15 | 16-18 | 19-21 | 22-24 | 25-27 || total
-------------------------+-------+-------+-------+-------+-------+-------+-------+-------+-------++-------
Melee: Flail             |    48 |       |       |       |       |       |       |       |       ||    48
       Headbutt          |    12 |    18 |    61 |   165 |   610 |   593 |   627 |   706 |   504 ||  3296
       Whip              |    39 |    52 |    12 |   180 |  1786 |   160 |       |       |       ||  2229
       Mace              |       |    33 |   330 |   369 |   228 |   703 |       |       |       ||  1663
       War axe           |       |       |       |    16 |       |       |       |       |       ||    16
       Demon whip        |       |       |       |       |       |   942 |  1847 |  2003 |  1338 ||  6130
       Sacred scourge    |       |       |       |       |       |       |       |       |    70 ||    70
Invok: Heroism           |       |       |     1 |    11 |    16 |    28 |    34 |    22 |    23 ||   135
       Finesse           |       |       |       |     3 |     4 |     8 |     8 |     3 |     6 ||    32
 Abil: Evoke Flight      |       |       |       |       |       |     3 |       |     3 |       ||     6
Evoke: Wand              |       |       |       |       |     2 |     1 |       |     2 |     7 ||    12
  Use: Potion            |       |     1 |     1 |     2 |       |     8 |     9 |     1 |     4 ||    26
       Scroll            |       |     5 |     5 |    13 |    11 |    23 |    19 |    31 |     9 ||   116
 Stab: Distracted        |       |       |       |       |       |       |       |       |     2 ||     2
  Eat: Chunk             |    15 |     5 |    11 |    20 |    44 |    29 |     3 |       |     1 ||   128
       Ration            |       |       |       |       |       |     2 |    13 |    13 |    10 ||    38
Armor: Scale mail        |    11 |       |       |       |     2 |       |       |       |       ||    13
       Plate armour      |    30 |    28 |   129 |   133 |   379 |   267 |   154 |       |       ||  1120
       Chain mail        |       |       |       |       |     9 |    89 |    41 |    13 |       ||   152
       Animal skin       |       |       |       |       |     1 |       |     1 |       |       ||     2
       Gold dragon scale |       |       |       |       |       |       |       |   291 |   359 ||   650
Dodge: Dodged            |    14 |     6 |    37 |    39 |   301 |   522 |   537 |   605 |   699 ||  2760
       Deflected         |       |       |       |       |     8 |    61 |    56 |    40 |    28 ||   193
Block: Shield            |    43 |     9 |       |       |       |       |       |       |       ||    52
       Large shield      |       |    48 |   269 |   440 |  1122 |  1040 |  1373 |  1841 |  1589 ||  7722
       Buckler           |       |       |       |       |   119 |   298 |    97 |       |       ||   514

Table legend:
 A = Non-vault XP
 B = Vault XP
 C = Vault XP percentage of total XP
 D = Non-vault monster count
 E = Vault monster count
 F = Vault count percentage of total count
                 A         B        C        D         E       F
            +---------+---------+-------+---------+---------+-------
      Total |  799873 |  757663 |  48.6 |    1426 |     872 |  37.9
            +---------+---------+-------+---------+---------+-------
        D:1 |      35 |       0 |   0.0 |      19 |       0 |   0.0
        D:2 |      41 |       0 |   0.0 |      14 |       0 |   0.0
        D:3 |     176 |       0 |   0.0 |      19 |       0 |   0.0
        D:4 |     644 |     234 |  26.7 |      25 |       2 |   7.4
        D:5 |     585 |     169 |  22.4 |      24 |       1 |   4.0
        D:6 |    1066 |      37 |   3.4 |      18 |       8 |  30.8
        D:7 |     445 |     125 |  21.9 |      14 |       1 |   6.7
        D:8 |    1177 |     434 |  26.9 |      17 |       1 |   5.6
        D:9 |    1424 |    2136 |  60.0 |      26 |       2 |   7.1
       D:10 |    3709 |       0 |   0.0 |      25 |       0 |   0.0
       D:11 |    8007 |     647 |   7.5 |      42 |       9 |  17.6
       D:12 |    6678 |    4387 |  39.6 |      63 |      10 |  13.7
       D:13 |   11533 |    2670 |  18.8 |      31 |       3 |   8.8
       D:14 |   11769 |       0 |   0.0 |      34 |       0 |   0.0
       D:15 |    9615 |    4435 |  31.6 |      30 |       8 |  21.1
     Lair:1 |    4073 |    3578 |  46.8 |      20 |      20 |  50.0
     Lair:2 |    5577 |    1295 |  18.8 |      19 |       3 |  13.6
     Lair:3 |    4476 |    3989 |  47.1 |      12 |      32 |  72.7
     Lair:4 |    5917 |    2908 |  33.0 |      19 |       3 |  13.6
     Lair:5 |    6285 |       0 |   0.0 |      24 |       0 |   0.0
     Lair:6 |   13379 |   17761 |  57.0 |      43 |      55 |  56.1
   Shoals:1 |   16056 |    4156 |  20.6 |      33 |       1 |   2.9
   Shoals:2 |   18276 |       0 |   0.0 |      34 |       0 |   0.0
   Shoals:3 |    9397 |       0 |   0.0 |      16 |       0 |   0.0
   Shoals:4 |    9877 |   25722 |  72.3 |      20 |      35 |  63.6
    Snake:1 |   16716 |    2177 |  11.5 |      33 |       1 |   2.9
    Snake:2 |   10667 |       0 |   0.0 |      20 |       0 |   0.0
    Snake:3 |   15606 |    4537 |  22.5 |      26 |       6 |  18.8
    Snake:4 |   19443 |   53281 |  73.3 |      37 |      55 |  59.8
      Orc:1 |    5600 |    2376 |  29.8 |      34 |       5 |  12.8
      Orc:2 |    4707 |    4211 |  47.2 |      19 |      58 |  75.3
   Vaults:1 |   23418 |   19002 |  44.8 |      44 |      26 |  37.1
   Vaults:2 |   39943 |   21213 |  34.7 |      64 |      29 |  31.2
   Vaults:3 |   15225 |   20742 |  57.7 |      36 |      23 |  39.0
   Vaults:4 |   71895 |  114296 |  61.4 |     106 |      86 |  44.8
   Vaults:5 |   28213 |   68863 |  70.9 |      32 |      43 |  57.3
   Depths:1 |   40733 |   30741 |  43.0 |      68 |      35 |  34.0
   Depths:2 |   24994 |   20007 |  44.5 |      27 |      18 |  40.0
   Depths:3 |    7714 |   23730 |  75.5 |       8 |      23 |  74.2
   Depths:4 |   49419 |   21219 |  30.0 |      52 |      19 |  26.8
   Depths:5 |   49833 |   39981 |  44.5 |      40 |      20 |  33.3
      Zot:1 |   33193 |    3678 |  10.0 |      15 |       2 |  11.8
      Zot:2 |   38202 |       0 |   0.0 |      20 |       0 |   0.0
      Zot:3 |   69188 |   30645 |  30.7 |      43 |      18 |  29.5
      Zot:4 |   30822 |    6257 |  16.9 |      17 |       5 |  22.7
      Zot:5 |   34279 |  127908 |  78.9 |      16 |      34 |  68.0
    Abyss:4 |   19846 |    2913 |  12.8 |      28 |       2 |   6.7
      Sewer |       0 |     520 | 100.0 |       0 |      24 | 100.0
    Ossuary |       0 |     891 | 100.0 |       0 |      31 | 100.0
    Volcano |       0 |    5728 | 100.0 |       0 |       6 | 100.0
 Desolation |       0 |   58064 | 100.0 |       0 |     109 | 100.0
            +---------+---------+-------+---------+---------+-------
